 Dungeon Crawl Stone Soup version 0.29-a0-1027-gcd8c55af63 (webtiles) character file.

Game seed: 3929845298410675152

191 frimble the Insei (level 5, -4/35 HPs)
             Began as a Demonspawn Earth Elementalist on Aug 13, 2022.
             Slain by a wyvern (11 damage)
             ... on level 5 of the Dungeon.
             The game lasted 00:06:37 (4248 turns).

frimble the Insei (Demonspawn Earth Elementalist)   Turns: 4248, Time: 00:06:39

Health: -4/35      AC:  7    Str: 10    XL:     5   Next: 42%
Magic:  8/8        EV: 11    Int: 23    God:
Gold:   636        SH:  0    Dex: 13    Spells: 7/8 levels left

rFire   . . .      SeeInvis +     - Unarmed
rCold   . . .      Faith    .   (no shield)
rNeg    . . .      Spirit   .   f - +0 leather armour
rPois   +          Reflect  .   (no helmet)
rElec   .          Harm     .   q - +1 cloak
rCorr   .          Rampage  .   (no gloves)
Will    .....                   (no boots)
Stlth   ++........              (no amulet)
HPRegen 0.11/turn               a - ring "Vynio" {*Slow Fly rPois Slay+6 SInv}
MPRegen 0.11/turn               p - +6 ring of intelligence

@: flying, invisible
A: slimy green scales 1, ignite blood 1, spiny 1, demonic touch 1
a: no special abilities


You were on level 5 of the Dungeon.
You visited 1 branch of the dungeon, and saw 5 of its levels.

You collected 2051 gold pieces.
You spent 1415 gold pieces at shops.

Inventory:

Hand Weapons
 e - a +0 short sword
Missiles
 n - 4 poisoned darts
 o - a throwing net
Armour
 f - a +0 leather armour (worn)
 q - a +1 cloak (worn)
Jewellery
 a - the ring "Vynio" (left hand) {*Slow Fly rPois Slay+6 SInv}
   (You bought it in a shop on level 1 of the Dungeon)

   [ring of flight]

   Slay:      It affects your accuracy & damage with ranged weapons and melee
   (+6).
   rPois:     It protects you from poison.
   SInv:      It lets you see invisible.
   Fly:       It grants you flight.
   *Slow:     It may slow you when you take damage.
 p - a +6 ring of intelligence (right hand)
Scrolls
 g - 3 scrolls of vulnerability
 j - a scroll of teleportation
 m - a scroll of fog
Potions
 b - a potion of magic
 c - a potion of might
 d - 2 potions of curing
 h - a potion of cancellation
 i - 2 potions of degeneration
 r - a potion of mutation
 s - a potion of lignification
 t - a potion of brilliance


   Skills:
 - Level 0.4 Short Blades
 - Level 1.8 Dodging
 - Level 1.8 Stealth
 + Level 4.4 Unarmed Combat
 - Level 2.0 Spellcasting
 - Level 1.2 Transmutations
 - Level 2.7 Earth Magic


You had 7 spell levels left.
You knew the following spells:

 Your Spells              Type           Power      Damage    Failure   Level
a - Sandblast             Erth           30%        2d9       5%          1

Your spell library contained the following spells:

 Spells                   Type           Power      Damage    Failure   Level
 Passwall                 Tmut/Erth      9%         N/A       12%         2
 Apportation              Tloc           4%         N/A       17%         1
 Foxfire                  Conj/Fire      8%         2x1d4     17%         1
 Slow                     Hex            8%         N/A       17%         1
 Stone Arrow              Conj/Erth      16%        3d8       30%         3
 Confusing Touch          Hex            2%         N/A       45%         3
 Conjure Flame            Conj/Fire      2%         6-21      45%         3
 Inner Flame              Hex/Fire       2%         N/A       45%         3
 Portal Projectile        Hex/Tloc       4%         N/A       45%         3
 Tukima's Dance           Hex            2%         N/A       45%         3
 Vampiric Draining        Necr           2%         2d6       45%         3
 Petrify                  Tmut/Erth      11%        N/A       58%         4
 Flame Wave               Conj/Fire      2%         2d4       86%         4
 Blade Hands              Tmut           4%         N/A       96%         5
 Alistair's Intoxication  Tmut/Pois      3%         N/A       98%         5
 Metabolic Englaciation   Hex/Ice        1%         N/A       99%         5
 Statue Form              Tmut/Erth      7%         N/A       100%        6


Dungeon Overview and Level Annotations

Branches:
Dungeon (5/15)
 Temple: D:4-7

Altars:

Shops:
D:1 :::=   D:4 !

Annotations:
D:4 Dowan, Duvessa


Innate Abilities, Weirdness & Mutations

You are partially covered in slimy green scales. (AC +2)
Your demonic aura sometimes causes spilled blood to erupt in flames.
You are partially covered in sharp spines.
Your touch may inflict minor irresistible damage on your foes.


Message History

You hit the worm.
You touch the worm!
The worm is severely wounded.
You hit the worm.
You touch the worm.
You kill the worm!
You see here an iguana corpse.
Duvessa is nearby!
Duvessa is nearby!
Duvessa is nearby!
You aren't carrying any items that you can evoke.
Duvessa shouts!
There is a stone staircase leading down here.
You fly downwards.
Found a scroll of identify.
There is a stone staircase leading up here.
A wyvern is nearby!
A wyvern is nearby!
You aren't carrying any items that you can evoke.
As you read the scroll of identify, it crumbles to dust.
l - a potion of invisibility The wyvern hisses angrily.
You fade into invisibility!
The wyvern bites you! The wyvern is struck by your spines.
The wyvern bites you!
* * * LOW HITPOINT WARNING * * *
You hit the wyvern.
The wyvern is moderately wounded.
The wyvern closely misses you.
You closely miss the wyvern.
The wyvern is moderately wounded.
The wyvern bites you.
* * * LOW HITPOINT WARNING * * *
You hit the wyvern but do no damage.
You touch the wyvern!
The wyvern is heavily wounded.
The wyvern is struck by your spines.
The wyvern bites you but does no damage.
The wyvern barely misses you.
You hit the wyvern.
The wyvern is severely wounded.
The wyvern bites you!
You die...

##.........#
#.......<..#
##.........#
##........# #####
##......##
####...### #.#....#
##........###.######
....?.$....##.#
......l@<...#.#
............#.#
..............#
...~PP......#.#
...~~~~P....##.#
...P~P~P~~...#.#
...PP~~♣~P~~~##.
....P~P~~~♣P.. .#
PP~~ ~~


You could see a wyvern (unable to see you).

Vanquished Creatures
  An iguana (D:4)
  Natasha (twice) (D:2)
  3 adders
  2 worms
  A dart slug (D:2)
  5 orcs
  8 endoplasms
  4 giant cockroaches
  4 goblins
  6 hobgoblins
  4 jackals (D:2)
  2 quokkas
  8 ball pythons
  5 bats
  7 frilled lizards
  10 kobolds
  6 rats
78 creatures vanquished.

Vanquished Creatures (others)
  10 plants (D:5)
10 creatures vanquished.

Grand Total: 88 creatures vanquished

Notes
Turn   | Place    | Note
-------+----------+-------------------------------------------
     0 | D:1      | frimble the Demonspawn Earth Elementalist began the quest
                  | for the Orb.
     0 | D:1      | Reached XP level 1. HP: 13/13 MP: 3/3
     6 | D:1      | Found Poicit's Book Shop.
    41 | D:1      | Reached skill level 1 in Transmutations
    66 | D:1      | Found Vigiu's Book Shop.
   469 | D:1      | Gained mutation: Your touch may inflict minor irresistible
                  | damage on your foes. [demonic ancestry]
   469 | D:1      | Reached XP level 2. HP: 19/19 MP: 5/5
   797 | D:1      | Found Gig Zur Xee's Book Emporium.
   892 | D:1      | Found a faded altar of an unknown god.
   923 | D:1      | Found Kobuniun's Jewellery Boutique.
  1228 | D:1      | Reached skill level 1 in Unarmed Combat
  1309 | D:2      | Noticed Natasha
  1416 | D:2      | Gained mutation: Your demonic aura sometimes causes spilled
                  | blood to erupt in flames. [demonic ancestry]
  1416 | D:2      | Reached XP level 3. HP: 24/24 MP: 3/6
  1581 | D:2      | Reached skill level 2 in Unarmed Combat
  2745 | D:3      | Gained mutation: You are partially covered in sharp spines.
                  | [demonic ancestry]
  2745 | D:3      | Reached XP level 4. HP: 30/30 MP: 7/7
  2923 | D:3      | Identified 2 scrolls of acquirement
  2923 | D:3      | Acquired 927 gold pieces
  2925 | D:3      | Acquired 897 gold pieces
  2998 | D:1      | Bought the ring "Vynio" {*Slow Fly rPois Slay+6 SInv} for
                  | 735 gold pieces
  3047 | D:1      | Bought a book of Sloth for 504 gold pieces
  3220 | D:2      | Reached skill level 3 in Unarmed Combat
  3329 | D:2      | Killed Natasha
  3448 | D:2      | Noticed Natasha
  3453 | D:2      | Killed Natasha
  3510 | D:2      | Gained mutation: You are partially covered in slimy green
                  | scales. (AC +2) [demonic ancestry]
  3510 | D:2      | Reached XP level 5. HP: 33/35 MP: 8/8
  3647 | D:4      | Noticed Duvessa
  3648 | D:4      | Noticed Dowan
  3651 | D:4      | Reached skill level 4 in Unarmed Combat
  3664 | D:5      | Entered Level 5 of the Dungeon
  3767 | D:5      | Noticed a wyvern
  3835 | D:4      | Found Coapli's Distillery.
  3842 | D:4      | Bought a potion of mutation for 88 gold pieces
  3842 | D:4      | Bought a potion of degeneration for 11 gold pieces
  3842 | D:4      | Bought a potion of lignification for 33 gold pieces
  3842 | D:4      | Bought a potion of brilliance for 44 gold pieces
  4248 | D:5      | Slain by a wyvern

Illustrated notes

Levels and vault maps discovered:
D:1:      giann_forest_graveyard, layout_basic,
          shapermc_ecumenical_altar_mp_highgroup, serial_shops, shop,
          shop_fountains, shop, shop_statue, nrook_loot_triangle
D:2:      minmay_razor_zed, layout_rooms, serial_corexii_hall,
          corexii_hall_statues_l, chequers_hall_statues_corner_a, uniq_natasha
D:3:      layout_loops_ring, st_stairs_10, minmay_misc_feat_diagonals
D:4:      layout_layer_cave, serial_shops, nicolae_square_shop,
          serial_co_window_serial, co_window_corner_a, co_window_paths_b,
          co_window_of_opportunity_a, co_window_corner_a, co_window_corner_a,
          co_window_paths_a, co_window_broadway_b, co_window_corner_b,
          co_window_unsneaky_path_d, co_window_broadway_a, co_window_paths_c,
          glass_columns_a, glass_columns_b, uniq_duvessa
D:5:      layout_cave_pods, mainiacjoe_overflow_divided_tiny, serial_shops,
          nicolae_shop_crystal, serial_bayou_lagoon_a, uniq_blork_the_orc

Skill      XL: |  1  2  3  4  5 |
---------------+----------------+-----
Transmutations | 1 |  1.2
Unarmed Combat | 1 2 3 4 |  4.4
Short Blades   | |  0.4
Dodging        | |  1.8
Stealth        | |  1.8
Spellcasting   | |  2.0
Earth Magic    | |  2.7

Action                   |  1- 3 |  4- 6 || total
-------------------------+-------+-------++-------
Melee: Short sword       |    37 |       ||    37
       Touch             |    12 |     8 ||    20
       Unarmed           |    48 |    49 ||    97
 Cast: Sandblast         |    32 |       ||    32
  Use: Potion            |     1 |     1 ||     2
       Scroll            |     5 |     6 ||    11
 Stab: Sleeping          |       |     2 ||     2
Armor: Robe              |    22 |       ||    22
       Leather armour    |     2 |     5 ||     7
Dodge: Dodged            |    88 |    10 ||    98

Table legend: (Time is in decaauts)
 A = Elapsed time spent in this place.
 B = Non-inter-level travel time spent in this place.
 C = Inter-level travel time spent in this place.
 D = Time resting spent in this place.
 E = Time spent auto-exploring this place.
 F = Levels seen in this place.
 G = Mean time per level.
                   A        B        C        D        E       F      G
               +--------+--------+--------+--------+--------+-----+--------+
         Total |   4285 |   3975 |    310 |      0 |   3363 |   5 |  857.0 |
       Dungeon |   4285 |   3975 |    310 |      0 |   3363 |   5 |  857.0 |
               +--------+--------+--------+--------+--------+-----+--------+

Top non-repeatable levels by time:
     D:1: 1480 daAuts
     D:2: 1239 daAuts
     D:3: 922 daAuts
     D:4: 522 daAuts
     D:5: 120 daAuts
